 Dungeon Crawl Stone Soup version 0.29-a0-857-g9b1aa3ac5b (webtiles) character file.

Game seed: 6046506860412420132

613476 buhh the Conqueror (level 27, -5/199 HPs)
             Began as a Gargoyle Fighter on July 17, 2022.
             Was the Champion of Okawaru.
             Killed from afar by a Killer Klown (22 damage)
             ... with a klown pie
             ... in the Arena.
             The game lasted 02:34:19 (77350 turns).

buhh the Conqueror (Gargoyle Fighter)              Turns: 77350, Time: 02:34:20

Health: -5/199     AC: 58    Str: 32      XL:     27
Magic:  28/34      EV: 14    Int:  6 (9)  God:    Okawaru [******]
Gold:   3331       SH: 13    Dex: 15      Spells: 26/26 levels left

rFire   + + +      SeeInvis +   P - +8 eveningstar (freeze)
rCold   + + .      Faith    .   F - +3 buckler {reflect}
rNeg    + + .      Spirit   .   h - +0 gold dragon scales
rPois   ∞          Reflect  +   U - +0 hat "Goutour" {rElec Dex+3 Slay+2 SInv}
rElec   +          Harm     .   d - scarf {rC+ rF+}
rCorr   +          Rampage  .   i - +3 pair of gloves of Jigaf {rElec Dex+3}
Will    +++++      Clarity  +   L - +2 pair of boots "Juned" {Slay+5}
Stlth   ..........              j - amulet of Vitality {RegenMP++ Regen++}
HPRegen 2.03/turn               C - ring of Wisdom {Drain +Blink rN+ Will+++ rCorr}
MPRegen 1.04/turn               Y - ring of protection from fire

@: mighty, about to teleport, heroic, finesse-ful, flying, duelling, unable to
drink
A: sickness immunity, AC +20, big wings, negative energy resistance 1,
electricity resistance, torment resistance 1, petrification resistance, antennae
1, iridescent scales 1, clarity, dopey 1, low MP 1, inability to drink while
threatened 1
}: 3/15 runes: serpentine, barnacled, silver
a: Renounce Religion, Evoke Blink, Heroism, Finesse, Duel


You were in the Arena.
You worshipped Okawaru.
Okawaru was exalted by your worship.
You visited 11 branches of the dungeon, and saw 52 of its levels.
You visited 2 bazaars.
You also visited: Sewer and Wizlab.

You collected 8496 gold pieces.
You spent 5165 gold pieces at shops.

Inventory:

Hand Weapons
 P - a +8 eveningstar of freezing (weapon)
 W - the +7 great mace "Firestarter" {inner flame, rF++}
   (You bought it in a shop on level 2 of the Snake Pit)

   It burns those it strikes, dealing additional fire damage.
   It fills those it strikes with an explosive inner flame.
   It grants immunity to clouds of flame.
   rF:        It greatly protects you from fire.
Armour
 d - a scarf of resistance (worn)
 h - +0 gold dragon scales (worn)
 i - the +3 pair of gloves of Jigaf (worn) {rElec Dex+3}
   (Okawaru gifted it to you on level 5 of the Lair of Beasts)

   Dex:       It affects your dexterity (+3).
   rElec:     It insulates you from electricity.
 q - +4 storm dragon scales
 x - the +4 skin of Zhor {*Englaciate rC+++ SInv}
   (Okawaru gifted it to you on level 3 of the Lair of Beasts)

   It radiates cold, occasionally slowing all nearby creatures who are not
   resistant to cold.
   rC:        It renders you almost immune to cold.
   SInv:      It lets you see invisible.
 F - a +3 buckler of reflection (worn)
 L - the +2 pair of boots "Juned" (worn) {Slay+5}
   (Okawaru gifted it to you on level 1 of the Lair of Beasts)

   Slay:      It affects your accuracy & damage with ranged weapons and melee
   (+5).
 U - the +0 hat "Goutour" (worn) {rElec Dex+3 Slay+2 SInv}
   (Okawaru gifted it to you on level 3 of the Realm of Zot)

   Dex:       It affects your dexterity (+3).
   Slay:      It affects your accuracy & damage with ranged weapons and melee
   (+2).
   rElec:     It insulates you from electricity.
   SInv:      It lets you see invisible.
Jewellery
 j - the amulet of Vitality (around neck) {RegenMP++ Regen++}
   (You took it off a vault sentinel on level 5 of the Vaults)

   [amulet of magic regeneration]

   It increases your rate of magic regeneration.
   Regen:     It increases your rate of health regeneration.
 u - the ring "Huerarol" {rC++ rN+ Will+ Str+5}
   (You found it on level 3 of the Crypt)

   [ring of positive energy]

   Str:       It affects your strength (+5).
   rC:        It greatly protects you from cold.
   rN:        It protects you from negative energy.
   Will:      It increases your willpower.
 C - the ring of Wisdom (left hand) {Drain +Blink rN+ Will+++ rCorr}
   (You found it on level 3 of the Crypt)

   [ring of positive energy]

   rN:        It protects you from negative energy.
   +Blink:    It lets you blink.
   rCorr:     It protects you from acid and corrosion.
   Drain:     It drains your maximum health when unequipped.
   Will:      It greatly increases your willpower.
 D - the ring of the Endless Expanse {rN++ MP+9 Str-5 Dex+2 Slay+4}
   (You found it on level 3 of the Elven Halls)

   [ring of slaying]

   Str:       It affects your strength (-5).
   Dex:       It affects your dexterity (+2).
   Slay:      It affects your accuracy & damage with ranged weapons and melee
   (+4).
   rN:        It greatly protects you from negative energy.
   MP:        It affects your magic capacity (+9).
 H - a +6 ring of dexterity
 J - a ring of resist corrosion
 K - an amulet of regeneration
 Y - a ring of protection from fire (right hand)
Wands
 A - a wand of digging (2)
 B - a wand of acid (37)
 E - a wand of flame (57)
 R - a wand of polymorph (27)
 X - a wand of roots (20)
Scrolls
 a - 29 scrolls of identify {!d}
 b - a scroll of blinking {!d}
 c - 18 scrolls of teleportation {!d!d}
 e - 5 scrolls of poison
 f - 5 scrolls of fog
 g - 6 scrolls of amnesia
 k - 7 scrolls of torment
 l - 10 scrolls of immolation {!r}
 G - 12 scrolls of fear {!d}
 M - 4 scrolls of noise
 N - 3 scrolls of silence {!r}
 O - 6 scrolls of vulnerability
 V - 4 scrolls of summoning
Potions
 m - 4 potions of might
 n - 11 potions of lignification {!d}
 o - 10 potions of mutation {!q!d}
 p - 9 potions of invisibility {!d}
 r - 6 potions of cancellation {!q!d}
 s - 4 potions of resistance {!d}
 t - 8 potions of brilliance {!d}
 v - a potion of curing {!d}
 w - 5 potions of degeneration
 y - 6 potions of haste {!q}
 z - 3 potions of berserk rage {!q}
 I - 10 potions of attraction
Miscellaneous
 Q - a condenser vane (inert)
 S - a phantom mirror
 T - a box of beasts
 Z - a phial of floods


   Skills:
 O Level 27 Fighting
 O Level 27 Maces & Flails
 * Level 25.3(27) Armour
 - Level 8.7(13.7) Dodging
 - Level 18.4(23.4) Shields
 * Level 22.3 Invocations


You had 26 spell levels left.
You didn't know any spells.
Your spell library contained the following spells:

 Spells                   Type           Power      Damage    Failure   Level
 Apportation              Tloc           0%         N/A       94%         1
 Beastly Appendage        Tmut           0%         N/A       94%         1
 Foxfire                  Conj/Fire      0%         2x1d4     94%         1
 Freeze                   Ice            0%         1d3       94%         1
 Magic Dart               Conj           0%         1d3       94%         1
 Necrotise                Necr           0%         1d4       94%         1
 Sandblast                Erth           0%         2d4       94%         1
 Shock                    Conj/Air       0%         1d3       94%         1
 Slow                     Hex            0%         N/A       94%         1
 Ensorcelled Hibernation  Hex/Ice        0%         N/A       98%         2
 Passwall                 Tmut/Erth      0%         N/A       98%         2
 Static Discharge         Conj/Air       0%         3-3/arc   98%         2
 Wereblood                Tmut           0%         N/A       98%         2
 Confusing Touch          Hex            0%         N/A       100%        3
 Conjure Flame            Conj/Fire      0%         6-21      100%        3
 Dazzling Flash           Conj/Hex       0%         N/A       100%        3
 Frozen Ramparts          Ice            0%         1d2       100%        3
 Gell's Gravitas          Tloc           0%         N/A       100%        3
 Inner Flame              Hex/Fire       0%         N/A       100%        3
 Lesser Beckoning         Tloc           0%         N/A       100%        3
 Mephitic Cloud           Conj/Pois/Air  0%         N/A       100%        3
 Ozocubu's Armour         Ice            0%         N/A       100%        3
 Spider Form              Tmut/Pois      0%         N/A       100%        3
 Stone Arrow              Conj/Erth      0%         3d7       100%        3
 Swiftness                Air            0%         N/A       100%        3
 Teleport Other           Tloc           0%         N/A       100%        3
 Vampiric Draining        Necr           0%         2d6       100%        3
 Airstrike                Air            0%         0-1+      100%        4
 Anguish                  Hex/Necr       0%         N/A       100%        4
 Cause Fear               Hex            0%         N/A       100%        4
 Corpse Rot               Necr/Pois/Air  0%         N/A       100%        4
 Dispel Undead            Necr           0%         3d6       100%        4
 Flame Wave               Conj/Fire      0%         2d4       100%        4
 Fulminant Prism          Conj/Hex       0%         3d6       100%        4
 Hailstorm                Conj/Ice       0%         3d3       100%        4
 Ice Form                 Ice/Tmut       0%         N/A       100%        4
 Petrify                  Tmut/Erth      0%         N/A       100%        4
 Sticky Flame             Conj/Fire      0%         2d3       100%        4
 Agony                    Necr           0%         N/A       100%        5
 Alistair's Intoxication  Tmut/Pois      0%         N/A       100%        5
 Blade Hands              Tmut           0%         N/A       100%        5
 Borgnjor's Vile Clutch   Necr/Erth      0%         N/A       100%        5
 Fireball                 Conj/Fire      0%         3d3       100%        5
 Freezing Cloud           Conj/Ice/Air   0%         6-21      100%        5
 Irradiate                Conj/Tmut      0%         3d11      100%        5
 Metabolic Englaciation   Hex/Ice        0%         N/A       100%        5
 Silence                  Hex/Air        0%         N/A       100%        5
 Dispersal                Tloc           0%         N/A       100%        6
 Eringya's Noxious Bog    Tmut/Pois      0%         N/A       100%        6
 Iron Shot                Conj/Erth      0%         9d1       100%        6
 Starburst                Conj/Fire      0%         6d3       100%        6
 Dragon Form              Tmut           0%         N/A       100%        7
 Enfeeble                 Hex            0%         N/A       100%        7
 Ozocubu's Refrigeration  Ice            0%         4d5       100%        7
 Storm Form               Tmut/Air       0%         N/A       100%        7
 Borgnjor's Revivificati  Necr           0%         N/A       100%        8
 Discord                  Hex            0%         N/A       100%        8
 Disjunction              Tloc           0%         N/A       100%        8
 Ignition                 Fire           0%         3d3       100%        8
 Maxwell's Capacitive Co  Air            0%         ∞         100%        8
 Necromutation            Tmut/Necr      0%         N/A       100%        8
 Chain Lightning          Conj/Air       0%         N/A       100%        9
 Death's Door             Necr           0%         N/A       100%        9
 Fire Storm               Conj/Fire      0%         5d1       100%        9
 Polar Vortex             Ice            0%         N/A       100%        9
 Shatter                  Erth           0%         3d5*      100%        9
 Summon Small Mammal      Summ           Unusable   N/A       N/A         1
 Call Imp                 Summ           Unusable   N/A       N/A         2
 Animate Armour           Summ/Erth      Unusable   N/A       N/A         4
 Summon Ice Beast         Ice/Summ       Unusable   N/A       N/A         4
 Summon Lightning Spire   Summ/Air       Unusable   N/A       N/A         4
 Death Channel            Necr           Unusable   N/A       N/A         6
 Simulacrum               Ice/Necr       Unusable   N/A       N/A         6
 Statue Form              Tmut/Erth      Unusable   N/A       N/A         6
 Dragon's Call            Summ           Unusable   N/A       N/A         9

Dungeon Overview and Level Annotations

Branches:
Dungeon (15/15) Zot: 23035  Temple (1/1) D:7 Zot: 5988    Lair (6/6) D:8 Zot: 25259
 Shoals (4/4) Lair:4 Zot: 20311   Snake (4/4) Lair:3 Zot: 19891   Slime (0/5) Lair:6
    Orc (2/2) D:9 Zot: 10168     Elf (3/3) Orc:2 Zot: 14129  Vaults (5/5) D:13 Zot: 19285
  Crypt (3/3) Vaults:3 Zot: 14293    Tomb (0/3) Crypt:3      Depths (4/4) D:15 Zot: 15901
    Zot (5/5) Depths:4 Zot: 23678   Sewer (visited)          WizLab (visited)

Altars:
Ashenzari
Cheibriados
Dithmenos
Elyvilon
Fedhas
Gozag
Hepliaklqana
Kikubaaqudgha
Makhleb
Nemelex Xobeh
Okawaru
Qazlal
Ru
Sif Muna
Trog
Uskayaw
Vehumet
Wu Jian
Xom
Yredelemnul
Zin
The Shining One
Jiyva

Shops:
D:2 :   D:4 *   D:5 (   D:9 (   D:10 !   D:11 ?   D:13 *   Orc:2 ?=*:
Shoals:1 *   Shoals:2 *   Snake:1 ==:   Snake:2 ((!(   Vaults:4 *

Portals:
Hell: Depths:1 Depths:2 Depths:3 Depths:4
Abyss: Depths:1 Depths:2 Depths:3
Pandemonium: Depths:1 Depths:2 Depths:4
Ziggurat: Depths:1

Annotations:
D:2 exclusion: downstairs
D:3 1 runed translucent door, Crazy Yiuf, Terence
D:9 exclusion: downstairs
Lair:3 3 runed translucent doors, Oggein's ghost, journeyman MyBe
Shoals:1 exclusion: downstairs
Shoals:4 Roxanne
Snake:3 exclusion: downstairs
Orc:1 6 transporters
Elf:2 3 runed translucent doors, Azrael
Vaults:2 2 transporters, exclusion: orange crystal statue
Depths:1 3 runed translucent doors, Lusuiz's ghost, adept SpAK
Depths:2 1 runed translucent door
Depths:4 6 runed translucent doors
Zot:3 3 runed translucent doors, Ofiett's ghost, veteran TrCK


Innate Abilities, Weirdness & Mutations

You are immune to sickness and miasma.
Your stone body is resilient. (AC +20)
You are immune to poison.
Your large and strong wings let you fly.
You resist negative energy. (rN+)
You are resistant to electric shocks. (rElec)
You are resistant to unholy torment.
You are immune to petrification.
You have a pair of small antennae on your head.
You are partially covered in iridescent scales. (AC +2)
You possess an exceptional clarity of mind.
You are dopey. (Int -2)
Your magical capacity is low. (-10% MP)
You occasionally lose the ability to drink potions when taking damage.


Message History

The purple draconian appears confused.
You hear a loud "Zot"!
The black draconian is engulfed in noxious fumes.
The yellow draconian is engulfed in noxious fumes.
The yellow draconian annihilator is engulfed in noxious fumes.
The Orb Guardian is engulfed in noxious fumes.
The Orb Guardian hits the white draconian!!
The Orb Guardian hits itself!!
The ancient lich gestures at you while chanting.
The crystal spear hits you!!!
You feel threatened and lose the ability to drink potions!
* * * LOW HITPOINT WARNING * * *
The ancient lich gestures at you while chanting.
The crystal spear hits you!!!
* * * LOW HITPOINT WARNING * * *
The Killer Klown is engulfed in noxious fumes.
The Killer Klown blinks!
Aiming: Duel (0% risk of failure)
Press: ? - help, Dir - move target, f - yellow draconian
Aim: a yellow draconian, wielding a +0 long sword (severely wounded, summoned, confused)
You cannot duel that!
Aiming: Duel (0% risk of failure)
Press: ? - help, Dir - move target, f - Killer Klown, p - yellow draconian
Aim: a Killer Klown, wielding a +8 club of pain (heavily wounded)
You enter into single combat with the Killer Klown!
The world spins around you as you enter the gateway.
You enter Okawaru's Arena!
The spectator shouts! x12
The Killer Klown closely misses you.
Found a gate leading back out of this place.
There is an empty arch of ancient stone here.
You cannot drink potions in your current state!
You stick the Killer Klown like a pincushion!!!
You freeze the Killer Klown!
The Killer Klown is severely wounded.
The Killer Klown pies you viciously! The klown pie hits you!!
Lemon!
You feel your inability to drink will last longer.
You die...
Okawaru crowns the Killer Klown victorious!

###########
#p.p▓∩▓p.p#
#.▓▓▓▓▓▓▓.#
#p▓.....▓p#
#.▓.....▓.#
#p▓..@..▓p#
#.▓...p.▓.#
#p▓.....▓p#
#.▓▓▓▓▓▓▓.#
#p.p.p.p.p#
###########


You could see a Killer Klown.

Vanquished Creatures
  4 dread liches
  3 ancient liches
  5 orbs of fire
  A juggernaut (Arena)
  Sojobo (Arena)
  Frederick (Vaults:5)
  A Killer Klown (Zot:2)
  Vashnia (Arena)
  Saint Roka (Orc:2)
  3 curse toes
  Bai Suzhen (Shoals:3)
  Xtahua (Crypt:3)
  A caustic shrike (Depths:3)
  Nikola (Depths:1)
  2 bone dragons
  13 golden dragons
  Jory (Vaults:4)
  3 doom hounds (Zot:1)
  2 Tzitzimimeh
  An electric golem (Zot:1)
  31 tentacled monstrosities
  Jorgrun (Orc:2)
  17 Orb Guardians (Zot:5)
  A walking crystal tome (Depths:3)
  7 liches
  4 deep elf blademasters (Elf:3)
  14 death cobs
  4 deep elf master archers
  Frances (D:13)
  An ancient champion (Crypt:1)
  Grunn (Arena)
  A sphinx (shapeshifter) (Depths:3)
  6 titans
  7 quicksilver dragons
  Polyphemus (Shoals:4)
  A kraken (Shoals:2)
  5 sphinxes
  9 shadow dragons
  12 tengu reavers
  A revenant (Crypt:1)
  16 storm dragons
  Ilsuiw (Shoals:3)
  6 nagarajas
  7 draconian monks
  6 draconian knights
  2 ghost moths (Zot:2)
  7 draconian scorchers
  An orc warlord (Vaults:2)
  An iron dragon (Depths:2)
  8 draconian annihilators
  5 draconian shifters
  13 frost giants
  9 fire giants
  7 deep elf sorcerers
  15 vault wardens
  A caustic shrike zombie (Crypt:2)
  4 spectral caustic shrikes (Depths:2)
  A cacodemon (WizLab)
  2 curse skulls
  2 deep elf elementalists (Elf:3)
  Aizul (Vaults:4)
  7 draconian stormcallers
  6 ghouls
  15 ironbound preservers
  6 war gargoyles
  28 very ugly things
  A caustic shrike skeleton (Crypt:1)
  4 ironbound thunderhulks
  A demonspawn blood saint (WizLab)
  17 stone giants
  9 green draconians
  4 deep elf demonologists
  3 vampire knights
  3 entropy weavers
  12 black draconians
  11 white draconians
  6 deep elf annihilators
  12 purple draconians
  A putrid mouth (Zot:1)
  16 red draconians
  9 yellow draconians
  11 dire elephants
  7 spark wasps
  Snorg (Orc:2)
  2 crystal guardians
  An eidolon (Crypt:2)
  5 ettins
  The ghost of kevlar127 the Grappler, a journeyman TrBe of Trog (D:12)
  The ghost of buhh the Transmogrifier, a journeyman FeTm of Ru (Elf:2)
  11 merfolk impalers
  5 merfolk javelineers
  14 deep elf death magi
  6 fire dragons
  A spriggan zombie (Crypt:2)
  7 jiangshi
  5 deep elf high priests
  8 ice dragons
  2 peacekeepers
  20 yaktaur captains
  6 rakshasas
  35 vault guards
  4 great orbs of eyes
  A fenstrider witch zombie (Crypt:2)
  7 spriggan air magi
  4 hydras
  A spriggan skeleton (Crypt:3)
  4 salamander tyrants
  2 catoblepae
  3 ogre magi
  4 hell beasts
  4 merfolk aquamancers
  7 anacondas
  5 merfolk avatars
  5 boulder beetles
  10 two-headed ogres
  10 centaur warriors
  16 naga warriors
  7 ironbound frosthearts
  2 two-headed ogres (shapeshifter)
  2 alligator snapping turtles
  4 tengu warriors
  10 deep troll earth magi
  12 death yaks
  10 deep troll shamans
  11 naga sharpshooters
  4 orc high priests
  5 satyrs
  6 spriggan berserkers
  12 dancing weapons
  11 vampire magi
  5 soul eaters
  24 deep elf knights
  2 emperor scorpion zombies
  23 hell knights
  2 sun demons
  2 shock serpents
  23 skeletal warriors
  Amaemon (D:8)
  A titan skeleton (Crypt:3)
  9 iron trolls
  3 salamander mystics
  A fire crab (Lair:6)
  15 sea snakes
  4 sixfirhies
  A spark wasp zombie (Depths:1)
  2 flayed ghosts
  Pikel (D:5)
  2 shadow dragon zombies
  58 deep trolls
  A shadow demon (Depths:1)
  A goliath frog (shapeshifter) (Vaults:5)
  9 naga ritualists
  11 deep elf archers
  3 glowing orange brains (Depths:2)
  14 ironbound convokers
  A lindwurm (shapeshifter) (Vaults:5)
  2 lindwurms (Vaults:3)
  6 wizards
  10 phantasmal warriors
  23 deep elf pyromancers
  8 necromancers
  A golden dragon skeleton (Crypt:2)
  A tengu zombie (Vaults:1)
  4 orc sorcerers
  A spriggan simulacrum (Crypt:2)
  9 orc knights
  27 deep elf zephyrmancers
  12 harpies
  11 fauns
  44 ugly things
  A wolf spider (D:15)
  A sphinx zombie (Depths:1)
  11 mana vipers
  16 salamanders
  20 moths of wrath
  13 cyclopes
  Joseph (D:9)
  A human zombie (Vaults:3)
  11 merfolk sirens
  A stone giant skeleton (Vaults:1)
  13 manticores
  15 vault sentinels
  7 water nymphs
  2 dire elephant zombies
  3 guardian serpents
  24 naga magi
  14 elephants
  7 gargoyles
  An orange demon (D:9)
  48 black mambas
  3 rust devils
  8 smoke demons
  Maggie (D:9)
  13 cane toads
  A shock serpent skeleton (Crypt:2)
  A red draconian zombie (Crypt:1)
  3 centaur skeletons
  11 komodo dragons
  2 dire elephant skeletons
  A rime drake (shapeshifter) (D:13)
  28 yaktaurs
  A death yak zombie (Crypt:1)
  5 tengu conjurers
  2 rime drakes
  2 efreet
  2 tormentors (Zot:1)
  An ice devil (WizLab)
  An orb spider zombie (Crypt:2)
  A troll (shapeshifter) (D:13)
  3 freezing wraiths
  4 hellwings
  9 polar bears
  3 red devils
  A merfolk (shapeshifter) (Depths:3)
  A shadow dragon simulacrum (Crypt:2)
  24 merfolk
  3 tarantellas
  7 hornets
  6 trolls
  A slime creature (shapeshifter) (Vaults:5)
  A mana viper skeleton (Crypt:1)
  6 meliai (D:14)
  A death drake skeleton (Crypt:2)
  6 wind drakes
  24 blink frogs
  9 dream sheep
  A harpy skeleton (Crypt:1)
  10 snapping turtles
  A boulder beetle zombie (Crypt:1)
  36 slime creatures
  A satyr zombie (Crypt:2)
  Grinder (D:3)
  A human simulacrum (Vaults:1)
  An iron dragon simulacrum (Crypt:2)
  An ettin skeleton (Crypt:3)
  A jumping spider (Vaults:1)
  4 flying skulls (Crypt:1)
  2 air elementals (Elf:3)
  A culicivora (Vaults:4)
  A centaur simulacrum (D:11)
  4 shadows
  A ynoxinul (D:12)
  Eustachio (D:5)
  17 spriggans
  15 wraiths
  63 yaks
  An elf zombie (Vaults:3)
  9 vampires (Crypt:3)
  28 water elementals
  7 wyverns
  A yak (shapeshifter) (Elf:3)
  3 fire elementals
  5 basilisks
  3 fire bats (Depths:3)
  3 chaos spawn
  4 redbacks
  A neqoxec (Depths:1)
  A steam dragon (Lair:1)
  3 wargs
  4 vampire mosquitoes (D:12)
  Menkaure (D:5)
  53 nagas
  4 acid dragons
  19 water moccasins
  A floating eye (Depths:4)
  3 naga skeletons (Crypt:3)
  4 black bears
  2 ice beasts (D:7)
  28 orc warriors
  2 sky beasts (D:7)
  An ettin simulacrum (Crypt:2)
  8 ogres
  7 boggarts
  A lindwurm skeleton (Crypt:2)
  32 wolves
  8 centaurs
  A lemure (D:5)
  2 phantoms (D:5)
  8 kobold brigands
  2 necrophages
  11 bullfrogs
  5 earth elementals
  3 gnoll sergeants
  A salamander skeleton (Crypt:1)
  5 scorpions
  5 wights (D:10)
  19 killer bees
  A polar bear skeleton (Crypt:2)
  6 howler monkeys
  2 lava snakes (D:9)
  6 hounds
  A jelly (D:7)
  22 orc priests
  A bullfrog skeleton (Crypt:1)
  4 iguanas
  33 orc wizards
  A human skeleton (Crypt:2)
  Robin (D:4)
  12 gnolls
  9 adders
  2 river rats
  A shadow imp (D:6)
  2 white imps
  An ufetubus (D:4)
  3 worms
  3 dart slugs
  95 orcs
  6 bats
  10 endoplasms
  7 giant cockroaches
  A gnoll zombie (Crypt:2)
  14 goblins
  11 hobgoblins
  4 jackals (D:2)
  A quokka (D:4)
  14 ball pythons
  A dart slug zombie (Crypt:1)
  2 frilled lizards
  A jackal skeleton (Crypt:2)
  22 kobolds
  10 rats
  A tentacle (Shoals:2)
2357 creatures vanquished.

Vanquished Creatures (others)
  Asterion (Depths:2)
  A vault guard (Vaults:5)
  A deep elf knight (Elf:2)
  A deep elf pyromancer (Elf:2)
  A deep elf zephyrmancer (Elf:2)
  A boggart (Vaults:4)
  4 bushes (D:8)
  10 fungi
  120 plants
  5 tentacles (Shoals:2)
  9 withered plants (Crypt:3)
154 creatures vanquished.

Grand Total: 2511 creatures vanquished

Notes
Turn   | Place    | Note
-------+----------+-------------------------------------------
     0 | D:1      | buhh the Gargoyle Fighter began the quest for the Orb.
     0 | D:1      | Reached XP level 1. HP: 14/14 MP: 1/1
    47 | D:1      | Reached XP level 2. HP: 19/19 MP: 2/2
   375 | D:1      | Reached XP level 3. HP: 20/24 MP: 3/3
   997 | D:2      | Found Saenipn's Book Shop.
  1325 | D:2      | Reached XP level 4. HP: 29/29 MP: 4/4
  1596 | D:3      | Noticed Terence
  1718 | D:3      | Noticed Grinder
  1738 | D:3      | Killed Grinder
  1739 | D:3      | Reached skill level 5 in Fighting
  1739 | D:3      | Reached XP level 5. HP: 7/35 MP: 5/5
  1739 | D:3      | Reached XP level 6. HP: 8/40 MP: 6/6
  1845 | D:3      | Found a runed translucent door.
  1846 | D:3      | Noticed Crazy Yiuf
  1926 | D:3      | Found a glowing drain.
  1937 | Sewer    | Entered a sewer
  2350 | Sewer    | Reached skill level 5 in Maces & Flails
  2360 | Sewer    | Reached XP level 7. HP: 42/46 MP: 7/7
  3791 | D:5      | Entered Level 5 of the Dungeon
  3980 | D:5      | Found Qugenga's Weapon Boutique.
  4014 | D:5      | Reached XP level 8. HP: 51/51 MP: 8/8
  4694 | D:5      | Noticed Pikel
  4729 | D:5      | Noticed Eustachio
  5106 | D:5      | Killed Eustachio
  5331 | D:5      | Killed Pikel
  5332 | D:5      | Reached skill level 10 in Maces & Flails
  5332 | D:5      | Reached XP level 9. HP: 29/55 MP: 9/9
  5521 | D:5      | Noticed Menkaure
  5524 | D:5      | Killed Menkaure
  5630 | D:5      | Found a shadowy altar of Dithmenos.
  5916 | D:4      | Found Kiyriana's Overcharged Wands.
  6242 | D:4      | Noticed Robin
  6249 | D:4      | Killed Robin
  6733 | D:6      | Found an ornate altar of the Wu Jian Council.
  6949 | D:6      | Found a glowing silver altar of Zin.
  7225 | D:6      | Found a stormy altar of Qazlal.
  7657 | D:6      | Found a bloodstained altar of Trog.
  7792 | D:6      | Identified a scroll of acquirement
  7792 | D:6      | Acquired a manual of Maces & Flails
  7979 | D:7      | Reached XP level 10. HP: 49/60 MP: 10/10
  8357 | D:7      | Found a staircase to the Ecumenical Temple.
  8363 | Temple   | Entered the Ecumenical Temple
  8726 | D:8      | Reached skill level 15 in Maces & Flails
  9606 | D:8      | Found a hide-covered altar of Uskayaw.
  9718 | D:8      | Found a shimmering blue altar of Sif Muna.
 10021 | D:8      | Found a staircase to the Lair.
 10046 | D:8      | Found a hazy altar of Hepliaklqana.
 10398 | D:8      | Found a glowing golden altar of the Shining One.
 10490 | D:9      | Reached XP level 11. HP: 65/68 MP: 11/11
 10866 | D:9      | Found a burning altar of Makhleb.
 10985 | D:9      | Found Uzamubagos's Antique Weapon Shoppe.
 10986 | D:9      | Noticed Joseph
 11002 | D:9      | Killed Joseph
 11094 | D:9      | Noticed Amaemon
 11115 | D:8      | Killed Amaemon
 11180 | D:9      | Found a staircase to the Orcish Mines.
 11439 | D:9      | Noticed Maggie
 11450 | D:9      | Killed Maggie
 12116 | D:9      | Found a snail-covered altar of Cheibriados.
 12750 | D:10     | Entered Level 10 of the Dungeon
 12750 | D:10     | Found Kutaehu's Distillery.
 13011 | D:10     | Found an iron altar of Okawaru.
 13024 | D:10     | Became a worshipper of Warmaster Okawaru
 13244 | D:10     | Reached skill level 10 in Fighting
 14065 | D:10     | Identified the +0 robe of Spite {+Blink rPois Stlth+}
 14253 | D:11     | Noticed a two-headed ogre
 14253 | D:11     | Noticed a manticore
 14259 | D:11     | Killed a manticore
 14265 | D:11     | Killed a two-headed ogre
 14265 | D:11     | Reached * piety under Okawaru
 14757 | D:10     | Bought a potion of resistance for 130 gold pieces
 14757 | D:10     | Bought a potion of mutation for 104 gold pieces
 14757 | D:10     | Bought a potion of invisibility for 104 gold pieces
 14757 | D:10     | Bought 2 potions of heal wounds for 130 gold pieces
 14757 | D:10     | Bought a potion of curing for 39 gold pieces
 14757 | D:10     | Bought a potion of berserk rage for 65 gold pieces
 14757 | D:10     | Bought a potion of attraction for 39 gold pieces
 14803 | D:11     | Noticed a cyclops
 14811 | D:11     | Killed a cyclops
 14812 | D:11     | Reached XP level 12. HP: 36/78 MP: 12/12
 15048 | D:11     | Reached skill level 1 in Invocations
 15118 | D:11     | Reached skill level 1 in Dodging
 15196 | D:11     | Noticed an eight-headed hydra
 15261 | D:11     | Noticed a two-headed ogre
 15266 | D:11     | Reached ** piety under Okawaru
 15267 | D:11     | Reached skill level 5 in Armour
 15277 | D:11     | Killed a two-headed ogre
 15792 | D:11     | Reached skill level 5 in Shields
 15800 | D:11     | Killed an eight-headed hydra
 16073 | D:11     | Noticed a four-headed hydra
 16084 | D:11     | Killed a four-headed hydra
 16084 | D:11     | Reached *** piety under Okawaru
 16102 | D:11     | Noticed a boulder beetle
 17165 | D:11     | Killed a boulder beetle
 17446 | D:11     | Reached **** piety under Okawaru
 17956 | D:11     | Identified the +9 flail of Idirua Hevecw {vamp, rF+}
 17956 | D:11     | Noticed an ogre mage
 17972 | D:11     | Killed an ogre mage
 18385 | D:11     | Found Watidghi's Magic Scroll Boutique.
 18393 | D:11     | Bought a scroll of identify for 26 gold pieces
 18393 | D:11     | Bought a scroll of teleportation for 39 gold pieces
 18393 | D:11     | Bought a scroll of teleportation for 39 gold pieces
 18393 | D:11     | Bought a scroll of identify for 26 gold pieces
 18393 | D:11     | Bought a scroll of identify for 26 gold pieces
 18496 | D:11     | Identified the +9 battleaxe of Trauma {vorpal, rN+ SInv}
 18497 | D:11     | Got Bixut's Secrets of the Burning Commander
 18634 | D:12     | Found a runed translucent door.
 18638 | D:12     | Noticed kevlar127's ghost (journeyman TrBe)
 18674 | D:12     | Noticed an ogre mage
 18674 | D:12     | Noticed a two-headed ogre
 18674 | D:12     | Noticed a two-headed ogre
 18674 | D:12     | Noticed a two-headed ogre
 18674 | D:12     | Noticed a two-headed ogre
 18674 | D:12     | Noticed a two-headed ogre
 18685 | D:12     | Killed a two-headed ogre
 18686 | D:12     | Reached XP level 13. HP: 65/84 MP: 16/16
 18707 | D:12     | Reached ***** piety under Okawaru
 19513 | D:12     | Received a gift from Okawaru
 19551 | D:13     | Noticed Frances
 19565 | D:13     | Killed Frances
 20052 | Lair:1   | Entered Level 1 of the Lair of Beasts
 20131 | Lair:1   | Identified the +0 ring mail of Good Intentions {Drain rF++
                  | Str+4 Int+3}
 20348 | Lair:1   | Identified the +2 pair of boots "Juned" {Slay+5} (Okawaru
                  | gifted it to you on level 1 of the Lair of Beasts)
 20348 | Lair:1   | Received a gift from Okawaru
 20998 | Lair:2   | Reached skill level 10 in Armour
 21039 | Lair:2   | Gained mutation: Your large and strong wings let you fly.
                  | [Gargoyle growth]
 21039 | Lair:2   | Reached XP level 14. HP: 92/92 MP: 17/17
 21193 | Lair:2   | Reached skill level 10 in Shields
 21937 | Lair:3   | Noticed Oggein's ghost (journeyman MyBe)
 21937 | Lair:3   | Found a runed translucent gate.
 21937 | Lair:3   | Found a runed translucent gate.
 21937 | Lair:3   | Found a runed translucent gate.
 22041 | Lair:3   | Found a staircase to the Snake Pit.
 22199 | Lair:3   | Received a gift from Okawaru
 22199 | Lair:3   | Found the +4 skin of Zhor {*Englaciate rC+++ SInv}
 22234 | Lair:3   | Found a frozen archway.
 23203 | Lair:4   | Found a staircase to the Shoals.
 23267 | Lair:4   | Reached ****** piety under Okawaru
 23794 | Lair:4   | Acquired a manual of Maces & Flails
 24170 | Lair:5   | Identified the +3 pair of gloves of Jigaf {rElec Dex+3}
                  | (Okawaru gifted it to you on level 5 of the Lair of Beasts)
 24170 | Lair:5   | Received a gift from Okawaru
 24187 | Lair:5   | Reached skill level 15 in Fighting
 24267 | Lair:5   | Reached XP level 15. HP: 103/103 MP: 18/18
 24760 | Lair:6   | Entered Level 6 of the Lair of Beasts
 24839 | Lair:6   | Found a viscous altar of Jiyva.
 24840 | Lair:6   | Found a staircase to the Slime Pits.
 26333 | D:13     | Received a gift from Okawaru
 26337 | D:13     | Found Zuwerir's Assorted Antiques.
 26337 | D:13     | Found a gate to the Vaults.
 26345 | D:13     | Bought a scroll of identify for 50 gold pieces
 26345 | D:13     | Bought a scroll of magic mapping for 187 gold pieces
 26345 | D:13     | Bought a scroll of enchant weapon for 187 gold pieces
 26350 | D:13     | Identified the +10 long sword "Katz" {pain, rPois Stlth+}
 27040 | D:14     | Found a broken altar of Ashenzari.
 27549 | D:14     | Identified the +1 animal skin of the Camelopard {Str+2}
                  | (Okawaru gifted it to you on level 14 of the Dungeon)
 27549 | D:14     | Received a gift from Okawaru
 27621 | D:15     | Entered Level 15 of the Dungeon
 27899 | D:15     | Found a staircase to the Depths.
 27899 | D:15     | Noticed a fire giant
 28314 | Snake:1  | Entered Level 1 of the Snake Pit
 28541 | Snake:1  | Reached skill level 5 in Invocations
 28541 | Snake:1  | Reached XP level 16. HP: 106/114 MP: 19/19
 29041 | Snake:1  | Found Ynnaqaf's Book Boutique.
 29041 | Snake:1  | Found Mempeff's Jewellery Emporium.
 29042 | Snake:1  | Found Leitaj's Jewellery Emporium.
 29048 | Snake:1  | Bought an amulet of regeneration for 450 gold pieces
 29076 | Snake:2  | Found Ziutud's Distillery.
 29148 | Snake:2  | Found Weseuhei's Antique Weapon Boutique.
 29222 | Arena    | Entered the Arena
 29323 | Arena    | Entered the Arena
 29341 | Snake:2  | Identified the +6 fire dragon scales of Defiance {rF++ rC-
                  | Will+} (Okawaru gifted it to you on level 2 of the Snake
                  | Pit)
 29341 | Snake:2  | Received a gift from Okawaru
 29458 | Snake:2  | Found Yjoomeli's Antique Weapon Boutique.
 29475 | Snake:2  | Bought a potion of heal wounds for 85 gold pieces
 29475 | Snake:2  | Bought a potion of might for 68 gold pieces
 29773 | Snake:2  | Found Haacok's Antique Weapon Shoppe.
 30476 | Orc:1    | Entered Level 1 of the Orcish Mines
 30538 | Orc:1    | Found a transporter.
 30538 | Orc:1    | Noticed a juggernaut
 30539 | Orc:1    | Found a transporter.
 30540 | Orc:1    | Found a transporter.
 30540 | Orc:1    | Found a sparkling altar of Nemelex Xobeh.
 30540 | Orc:1    | Found the +3 giant club "Skullcrusher" {speed, Str+7}
 30544 | Orc:1    | Found a transporter.
 30545 | Orc:1    | Found a transporter.
 30549 | Orc:1    | Found a transporter.
 30851 | Orc:2    | Entered Level 2 of the Orcish Mines
 30918 | Orc:2    | Noticed Snorg
 30928 | Orc:2    | Killed Snorg
 31075 | Orc:2    | Found a staircase to the Elven Halls.
 31213 | Orc:2    | Reached skill level 5 in Dodging
 31225 | Orc:2    | Found Rihud's Magic Scroll Shop.
 31225 | Orc:2    | Found Iruowec's Book Shoppe.
 31227 | Orc:2    | Found Mithruhiu's Jewellery Shop.
 31227 | Orc:2    | Found Jufuat's Assorted Antiques.
 31233 | Orc:2    | Bought a scroll of blinking for 135 gold pieces
 31233 | Orc:2    | Bought a scroll of blinking for 135 gold pieces
 31233 | Orc:2    | Bought a scroll of teleportation for 54 gold pieces
 31233 | Orc:2    | Bought a scroll of identify for 36 gold pieces
 31233 | Orc:2    | Bought a scroll of identify for 36 gold pieces
 31233 | Orc:2    | Bought a scroll of identify for 36 gold pieces
 31291 | Orc:2    | Noticed Jorgrun
 31306 | Orc:2    | Killed Jorgrun
 31539 | Orc:2    | Noticed Saint Roka
 31569 | Orc:2    | Killed Saint Roka
 32054 | D:15     | Reached skill level 10 in Invocations
 32077 | D:15     | Received a gift from Okawaru
 32453 | Elf:1    | Entered Level 1 of the Elven Halls
 32606 | Elf:1    | Reached XP level 17. HP: 120/120 MP: 23/25
 33293 | Snake:3  | Identified the +1 scale mail of a sewer {Regen+ Dex+5
                  | Stlth-}
 33443 | Snake:3  | Received a gift from Okawaru
 33544 | Snake:4  | Entered Level 4 of the Snake Pit
 33544 | Snake:4  | Noticed Vashnia
 33893 | Arena    | Entered the Arena
 33911 | Arena    | Killed Vashnia
 34362 | Snake:4  | Reached skill level 15 in Invocations
 34530 | Arena    | Entered the Arena
 34629 | Snake:4  | Reached XP level 18. HP: 81/126 MP: 26/30
 34708 | Snake:4  | Received a gift from Okawaru
 34829 | Snake:4  | Got a serpentine rune of Zot
 35306 | Shoals:1 | Entered Level 1 of the Shoals
 35325 | Shoals:1 | Found Yczyo's Assorted Antiques.
 36518 | Shoals:2 | Found Sacajits's Gadget Gallery.
 36775 | Shoals:2 | Received a gift from Okawaru
 37033 | Shoals:3 | Noticed Ilsuiw
 37062 | Shoals:3 | Killed Ilsuiw
 37128 | Arena    | Entered the Arena
 37350 | Shoals:3 | Noticed Bai Suzhen
 37379 | Shoals:3 | Killed Bai Suzhen
 37410 | Shoals:4 | Entered Level 4 of the Shoals
 37410 | Shoals:4 | Noticed Roxanne
 38101 | Shoals:3 | Reached XP level 19. HP: 131/131 MP: 33/33
 38285 | Shoals:4 | Got a barnacled rune of Zot
 38304 | Shoals:4 | Noticed Polyphemus
 38318 | Shoals:4 | Killed Polyphemus
 38790 | Shoals:4 | Identified the +6 short sword of Daokun {vorpal, Will+
                  | Dex+4}
 39038 | Shoals:4 | Received a gift from Okawaru
 39873 | Arena    | Entered the Arena
 40263 | Elf:1    | Got Riosuig's Discourse on Conflict
 40473 | Elf:1    | Received a gift from Okawaru
 40810 | Elf:2    | Found a large runed translucent door.
 40810 | Elf:2    | Found a large runed translucent door.
 40812 | Elf:2    | Noticed buhh's ghost (journeyman FeTm)
 40984 | Elf:2    | Received a gift from Okawaru
 41094 | Elf:2    | Identified the +11 shortbow of Dung {flame, MP+9 Str+3
                  | Int+5 Dex-2}
 41237 | Elf:2    | Found a runed translucent gate.
 41238 | Elf:2    | Found a runed translucent gate.
 41238 | Elf:2    | Found a runed translucent gate.
 41364 | Elf:2    | Noticed Azrael
 41408 | Elf:2    | Killed buhh's ghost
 41631 | Vaults:1 | Entered Level 1 of the Vaults
 41703 | Vaults:1 | Found a flickering gateway to a bazaar.
 41713 | Vaults:1 | Reached XP level 20. HP: 116/140 MP: 34/34
 41730 | Bazaar   | Entered a bazaar
 41730 | Bazaar   | Found Gussugg's Magic Scroll Shoppe.
 41730 | Bazaar   | Found Mustufar's Jewellery Emporium.
 41768 | Bazaar   | Found Anolav's Antique Armour Shoppe.
 41790 | Bazaar   | Found Didduv's Weapon Emporium.
 41798 | Bazaar   | Found Pogguduc's Distillery.
 41880 | Bazaar   | Bought a potion of mutation for 80 gold pieces
 41880 | Bazaar   | Bought a potion of heal wounds for 50 gold pieces
 41880 | Bazaar   | Bought a potion of haste for 100 gold pieces
 41880 | Bazaar   | Bought a potion of haste for 100 gold pieces
 41880 | Bazaar   | Bought a potion of curing for 30 gold pieces
 42717 | Vaults:1 | Identified the +2 ring mail of Silly Fun {Str+4} (Okawaru
                  | gifted it to you on level 1 of the Vaults)
 42717 | Vaults:1 | Received a gift from Okawaru
 43615 | Vaults:2 | Found a transporter.
 43615 | Vaults:2 | Found the +8 longbow "Zephyr" {speed, Dex+3 SInv}
 43618 | Vaults:2 | Noticed a golden dragon
 43625 | Vaults:2 | Found a transporter.
 44545 | Vaults:2 | Reached skill level 15 in Armour
 44933 | Vaults:2 | Identified the +0 pair of gloves of Foolhardiness {rElec
                  | rF- Int+2 Dex+4} (Okawaru gifted it to you on level 2 of
                  | the Vaults)
 44933 | Vaults:2 | Received a gift from Okawaru
 45133 | Vaults:3 | Reached skill level 15 in Shields
 45152 | Vaults:3 | Reached XP level 21. HP: 119/148 MP: 35/35
 45253 | Vaults:3 | Found a staircase to the Crypt.
 45998 | Vaults:3 | You are sucked into a shaft and drop 1 floor!
 46198 | Vaults:4 | Identified the +1 helmet "Donacauc" {SInv} (Okawaru gifted
                  | it to you on level 4 of the Vaults)
 46198 | Vaults:4 | Received a gift from Okawaru
 46596 | Vaults:4 | Found Sonoz's General Store.
 46607 | Vaults:4 | Bought a scroll of enchant armour for 105 gold pieces
 46607 | Vaults:4 | Bought a potion of mutation for 112 gold pieces
 46898 | Vaults:4 | Noticed Jory
 46911 | Vaults:4 | Killed Jory
 47087 | Vaults:4 | Noticed Aizul
 47094 | Vaults:4 | Killed Aizul
 47831 | D:12     | Killed kevlar127's ghost
 47844 | D:12     | Got the Directory of the Mountains
 48006 | Crypt:1  | Entered Level 1 of the Crypt
 48065 | Arena    | Entered the Arena
 48451 | Crypt:1  | Reached XP level 22. HP: 73/155 MP: 36/36
 48733 | Crypt:1  | Identified the +1 scale mail "Volaomus" {rElec rPois rF+
                  | Int+4}
 49215 | Crypt:2  | Noticed Sojobo
 49220 | Arena    | Entered the Arena
 49229 | Arena    | Killed Sojobo
 49258 | Crypt:2  | Received a gift from Okawaru
 49258 | Crypt:2  | Found the +4 robe of Folly {Brilliance Will-∞ Int+8}
 49705 | Crypt:3  | Entered Level 3 of the Crypt
 50425 | Crypt:3  | Found an ancient bone altar of Kikubaaqudgha.
 50427 | Crypt:3  | Noticed an ancient lich
 50493 | Crypt:3  | Found the +12 glaive of Prune {vorpal}
 50493 | Crypt:3  | Found the +5 scythe "Finisher" {speed, eviscerate}
 50512 | Crypt:3  | Identified the amulet "Fichou" {Regen+ Str+6}
 50512 | Crypt:3  | Identified the ring "Huerarol" {rC++ rN+ Will+ Str+5}
 50512 | Crypt:3  | Identified the ring of Wisdom {Drain +Blink rN+ Will+++
                  | rCorr}
 50860 | Crypt:3  | Identified the amulet of Citeqipp {Spirit Dex+3 SInv}
 50946 | Crypt:3  | Killed an ancient lich
 51276 | Crypt:3  | Found a staircase to the Tomb.
 51351 | Crypt:3  | Noticed Xtahua
 51360 | Crypt:3  | Killed Xtahua
 51360 | Crypt:3  | Identified the +6 great mace of the Vendetta {vorpal,
                  | Str+3} (Okawaru gifted it to you on level 3 of the Crypt)
 51360 | Crypt:3  | Received a gift from Okawaru
 51537 | Crypt:3  | Noticed a dread lich
 51544 | Crypt:3  | Killed a dread lich
 51585 | Crypt:3  | Identified the +5 trident of Ruitirim {vorpal, rElec rF-
                  | rC+++}
 51595 | Crypt:3  | Noticed a dread lich
 51605 | Crypt:3  | Killed a dread lich
 51624 | Crypt:3  | Identified the +7 hand axe of Vengeance {venom, Str+4}
 52282 | Snake:2  | Bought the +7 great mace "Firestarter" {inner flame, rF++}
                  | for 1993 gold pieces
 52282 | Snake:2  | Found the +7 great mace "Firestarter" {inner flame, rF++}
 52534 | Elf:3    | Entered Level 3 of the Elven Halls
 52654 | Elf:3    | Found a flickering gateway to a bazaar.
 52659 | Bazaar   | Entered a bazaar
 52659 | Bazaar   | Found Gahacuni's Antique Weapon Shop.
 52716 | Bazaar   | Found Dokuzus's Distillery.
 52722 | Bazaar   | Bought 2 potions of heal wounds for 90 gold pieces
 52722 | Bazaar   | Found Kuosarit's Antique Armour Boutique.
 52732 | Bazaar   | Found Naxony's Assorted Antiques.
 52757 | Bazaar   | Bought a potion of might for 36 gold pieces
 52757 | Bazaar   | Bought a potion of might for 36 gold pieces
 52757 | Bazaar   | Bought a potion of might for 36 gold pieces
 53116 | Elf:3    | Reached XP level 23. HP: 139/168 MP: 37/37
 53814 | Elf:3    | Received a gift from Okawaru
 53963 | Elf:3    | Identified the +2 halberd "Qyupayxue" {antimagic, rCorr}
 54400 | Elf:3    | Identified the amulet "Qicath" {Harm rF- Regen+ rCorr MP+9}
 54573 | Elf:3    | Found the +3 pair of mountain boots {steadfast, rC+}
 54579 | Arena    | Entered the Arena
 54707 | Elf:3    | Identified the +3 arbalest of Revolt {elec, rC+ Dex+4
                  | Stlth+}
 54719 | Elf:3    | Identified the ring of the Endless Expanse {rN++ MP+9 Str-5
                  | Dex+2 Slay+4}
 54720 | Elf:3    | Identified the +1 leather armour of Soft Happiness {rElec
                  | Str+5}
 54728 | Elf:3    | Identified the +5 broad axe "Tamogg" {antimagic, *Corrode
                  | rC+ Int+8 SInv Stlth+}
 55139 | D:15     | Received a gift from Okawaru
 55147 | Depths:1 | Entered Level 1 of the Depths
 55147 | Depths:1 | Found a one-way gateway to a ziggurat.
 55676 | Depths:1 | Noticed Nikola
 55697 | Depths:1 | Killed Nikola
 56242 | Depths:1 | Identified the ring of Neurosis {Contam Fly AC+4 Int+8
                  | Dex-4}
 56243 | Depths:1 | Found a gateway to Hell.
 56478 | Depths:1 | Found a runed translucent gate.
 56478 | Depths:1 | Found a runed translucent gate.
 56478 | Depths:1 | Found a runed translucent gate.
 56478 | Depths:1 | Noticed Lusuiz's ghost (adept SpAK)
 56480 | Depths:1 | Found a basalt altar of Yredelemnul.
 56485 | Depths:1 | Identified the +2 robe of the Earth {Will+ Int+3 Stlth+}
                  | (Okawaru gifted it to you on level 1 of the Depths)
 56485 | Depths:1 | Received a gift from Okawaru
 56653 | Depths:1 | Found a one-way gate to the infinite horrors of the Abyss.
 56719 | Depths:1 | Gained mutation: You are frail. (-10% HP) [a neqoxec]
 56765 | Depths:1 | Found a one-way gate leading to the halls of Pandemonium.
 56829 | Depths:1 | Lost mutation: You are frail. (-10% HP) [potion of
                  | mutation]
 56829 | Depths:1 | Gained mutation: You possess an exceptional clarity of
                  | mind. [potion of mutation]
 56829 | Depths:1 | Gained mutation: You have large cloven feet. [potion of
                  | mutation]
 57098 | Depths:2 | Reached skill level 27 in Fighting
 57114 | Depths:2 | HP: 6/175 [iron troll (18)]
 57150 | Depths:2 | Found a magical portal.
 57155 | WizLab   | Entered The Hall of the Hellbinder
 57386 | WizLab   | Gained mutation: You are dopey. (Int -2) [a cacodemon]
 57521 | Depths:2 | Found a runed translucent door.
 57840 | Depths:2 | Reached XP level 24. HP: 181/181 MP: 37/37
 57864 | Arena    | Entered the Arena
 58154 | Depths:2 | Noticed Asterion
 58163 | Depths:2 | Killed Asterion
 58814 | Orc:2    | Bought a scroll of brand weapon for 171 gold pieces
 59162 | Vaults:5 | Entered Level 5 of the Vaults
 59162 | Vaults:5 | Noticed an ancient lich
 59172 | Vaults:5 | Noticed Frederick
 59187 | Vaults:5 | Killed an ancient lich
 59201 | Vaults:5 | Killed Frederick
 59605 | Vaults:5 | Identified the ring of Zaedwab {Will+ Stlth+}
 59611 | Vaults:5 | Noticed a dread lich
 59624 | Arena    | Entered the Arena
 59629 | Arena    | Killed a dread lich
 59987 | Arena    | Entered the Arena
 60013 | Arena    | Entered the Arena
 60207 | Arena    | Entered the Arena
 61553 | Arena    | Entered the Arena
 62049 | Arena    | Entered the Arena
 62178 | Vaults:5 | Got a silver rune of Zot
 62183 | Vaults:5 | Identified the ring "Cacvurim" {rPois Dex+2}
 62282 | Vaults:5 | Reached XP level 25. HP: 175/187 MP: 37/37
 62535 | Vaults:5 | Identified the +5 dagger "Zintadui" {holy, *Slow Fly rN+++
                  | Will-} (Okawaru gifted it to you on level 5 of the Vaults)
 62535 | Vaults:5 | Received a gift from Okawaru
 62755 | Vaults:5 | Identified the amulet of Cymy {Reflect rN+ Str+3 SH+5}
 62921 | Vaults:5 | Identified the ring of Zeuneklut {Fire rN++ Will+ Dex+4}
 62956 | Vaults:5 | Got the Volume of Baleful Ice
 64559 | Depths:3 | Noticed a juggernaut
 64575 | Arena    | Entered the Arena
 64579 | Arena    | Killed a juggernaut
 64604 | Arena    | Entered the Arena
 64650 | Depths:3 | Received a gift from Okawaru
 64678 | Depths:3 | Paralysed by a floating eye for 3 turns
 64933 | Depths:2 | Reached skill level 27 in Maces & Flails
 65527 | Depths:3 | Received a gift from Okawaru
 65554 | Depths:4 | Entered Level 4 of the Depths
 66608 | Depths:4 | Identified the +6 falchion "Seroifem" {flame, Will+++}
 66856 | Depths:4 | Found a gate to the Realm of Zot.
 66875 | Depths:4 | Reached XP level 26. HP: 180/193 MP: 37/37
 67206 | Depths:4 | Received a gift from Okawaru
 67416 | Depths:4 | Found a runed translucent gate.
 67416 | Depths:4 | Found a runed translucent gate.
 67416 | Depths:4 | Found a runed translucent gate.
 67416 | Depths:4 | Found a runed translucent gate.
 67416 | Depths:4 | Found a runed translucent gate.
 67416 | Depths:4 | Found a runed translucent gate.
 67416 | Depths:4 | Found the +2 Maxwell's thermic engine {flame, freeze}
 67902 | Zot:1    | Entered Level 1 of the Realm of Zot
 68020 | Zot:1    | Noticed an orb of fire
 68035 | Zot:1    | Killed an orb of fire
 68046 | Arena    | Entered the Arena
 68085 | Arena    | Entered the Arena
 68092 | Zot:1    | Noticed Grunn
 68095 | Arena    | Entered the Arena
 68102 | Arena    | Killed Grunn
 68721 | Zot:2    | Noticed a Killer Klown
 70274 | Zot:1    | Received a gift from Okawaru
 70875 | Zot:1    | Received a gift from Okawaru
 72838 | Zot:2    | Reached XP level 27. HP: 123/199 MP: 37/37
 72934 | Zot:2    | Gained mutation: You are weak. (Str -2) [mutagenic glow]
 72953 | Zot:2    | Gained mutation: Your magical capacity is low. (-10% MP)
                  | [mutagenic glow]
 72981 | Zot:2    | Gained mutation: You occasionally lose the ability to drink
                  | potions when taking damage. [mutagenic glow]
 72985 | Zot:2    | Lost mutation: Your magical capacity is low. (-10% MP)
                  | [potion of mutation]
 72985 | Zot:2    | Lost mutation: You have large cloven feet. [potion of
                  | mutation]
 72985 | Zot:2    | Gained mutation: You are agile. (Dex +4, Str/Int -1)
                  | [potion of mutation]
 72985 | Zot:2    | Gained mutation: You have a pair of small antennae on your
                  | head. [potion of mutation]
 72986 | Zot:2    | Lost mutation: You are weak. (Str -2) [potion of mutation]
 72986 | Zot:2    | Lost mutation: You are agile. (Dex +4, Str/Int -1) [potion
                  | of mutation]
 72986 | Zot:2    | Lost mutation: You occasionally lose the ability to drink
                  | potions when taking damage. [potion of mutation]
 72986 | Zot:2    | Gained mutation: You are partially covered in iridescent
                  | scales. (AC +2) [potion of mutation]
 74102 | Zot:3    | Identified the +0 hat "Goutour" {rElec Dex+3 Slay+2 SInv}
                  | (Okawaru gifted it to you on level 3 of the Realm of Zot)
 74102 | Zot:3    | Received a gift from Okawaru
 74754 | Zot:3    | Found a runed translucent gate.
 74755 | Zot:3    | Found a runed translucent gate.
 74948 | Zot:3    | Found a runed translucent gate.
 74948 | Zot:3    | Noticed Ofiett's ghost (veteran TrCK)
 75724 | Zot:5    | Entered Level 5 of the Realm of Zot
 77041 | Zot:5    | Noticed a dread lich
 77054 | Zot:5    | Killed a dread lich
 77267 | Zot:5    | Noticed an ancient lich
 77277 | Zot:5    | Noticed an orb of fire
 77286 | Zot:5    | Killed an ancient lich
 77294 | Zot:5    | Killed an orb of fire
 77305 | Zot:5    | Noticed an orb of fire
 77315 | Zot:5    | Gained mutation: You occasionally lose the ability to drink
                  | potions when taking damage. [an orb of fire]
 77316 | Zot:5    | Killed an orb of fire
 77316 | Zot:5    | Noticed an orb of fire
 77329 | Zot:5    | Noticed an orb of fire
 77332 | Zot:5    | Killed an orb of fire
 77334 | Zot:5    | Noticed an orb of fire
 77340 | Zot:5    | Gained mutation: Your magical capacity is low. (-10% MP)
                  | [an orb of fire]
 77342 | Zot:5    | Noticed an ancient lich
 77343 | Zot:5    | Noticed an orb of fire
 77343 | Zot:5    | Noticed an ancient lich
 77344 | Zot:5    | Killed an orb of fire
 77344 | Zot:5    | Received a gift from Okawaru
 77349 | Arena    | Entered the Arena
 77350 | Arena    | Killed from afar by a Killer Klown

Illustrated notes

Levels and vault maps discovered:
D:1:      scummos_arrival_forest, layout_rooms
D:2:      layout_loops_ring, serial_shops, nicolae_square_shop
D:3:      layout_basic, dreamdust_ecumenical_altar_hidden_monk_grotto,
          portal_sewer_entry_b, uniq_grinder, uniq_crazy_yiuf_cottage,
          uniq_terence
D:4:      layout_basic, nicolae_shop_overcharged_wands, uniq_robin
D:5:      layout_loops_ring, general_overflow_altar, serial_shops,
          nicolae_shop_bloodbath_and_beyond, uniq_eustachio, uniq_pikel,
          uniq_menkaure
D:6:      layout_cave_pods, grunt_qazlal_clouds, kennysheep_mini,
          zin_scriptorium, trog_hazing_becter, nicolae_hexahallways
D:7:      layout_cave_pools, minmay_temple_entry_nine_rooms
D:8:      layout_cave_pools, mainiacjoe_overflow_alcove_4,
          nicolae_uskayaw_suspiria, nicolae_sif_muna_little_library, tso_altar,
          minmay_lair_entry_grove
D:9:      layout_gridville, nicolae_overflow_hidden_temple,
          mainiacjoe_overflow_cross_hatched, david_orc_5, serial_shops, shop,
          grunt_decor_junction, kennysheep_opposing_triangles, uniq_amaemon,
          uniq_joseph, uniq_maggie
D:10:     layout_basic, okawaru_metal_pillars_1_2, serial_shops,
          nicolae_stop_n_shop_1
D:11:     minmay_the_grid_3x2 [minmay_the_grid_plusring, minmay_the_grid_expand,
          minmay_the_grid_broken_lines, minmay_the_grid_mess,
          minmay_the_grid_garden, minmay_the_grid_prize_shrinking_boxes],
          layout_stronghold, serial_shops, shop
D:12:     layout_roguey, hellmonk_ghost_big_iron, hex_medium
D:13:     layout_basic, david_vaults_2, serial_shops, shop, fountainhead,
          chequers_serial_rivers_micro_e, uniq_frances
D:14:     layout_irregular_city, cheibrodos_ashenzari_chains
D:15:     grunt_enter_depths_giant_problem, layout_small_grid, serial_shops,
          nicolae_shop_hallway_stairs, roderic_serpentine_path,
          dk_noncrumbling_2
Temple:   hellmonk_temple_micro_hex
Lair:1:   layout_concentric_octagons, nicolae_lair_grazing_beasts
          [nicolae_sub_lair_graze_edge, nicolae_sub_lair_graze_edge,
          nicolae_sub_lair_graze_edge, nicolae_sub_lair_graze_edge],
          grunt_megastairs_2
Lair:2:   layout_cave_pods, nicolae_quartered_pool_super, grunt_megastairs_3
Lair:3:   layout_cave_pods, dummy_snake_entry, portal_ice_cave_entry_pillars_1,
          gammafunk_ghost_split, grunt_megastairs_5
Lair:4:   layout_regular_city, elwin_shoals_entry_rocks,
          chequers_serial_rivers_micro_d
Lair:5:   layout_loops_ring, lemuel_fruit_tree
Lair:6:   minmay_lair_end_enchanted_forest, layout_cave_shapes, slime_entry_1
Shoals:1: layout_shoals, serial_shops, shop
Shoals:2: layout_shoals, nicolae_shop_gadgets
Shoals:3: cheibrodos_shoals_epimethial_gifts, layout_shoals, uniq_bai_suzhen,
          uniq_ilsuiw
Shoals:4: shoals_end_simple, layout_shoals, uniq_polyphemus, uniq_roxanne
Snake:1:  layout_cave_shapes, grunt_ministairs_9,
          nicolae_snake_salamander_stairs, grunt_megastairs_4, minmay_shop_grove
Snake:2:  layout_onion_interference, serial_shops, nicolae_shop_window_shopping,
          nicolae_shop_hallway_plus, nicolae_shop_advertising_works
          [nicolae_subvault_shop_adworks], nicolae_lakefront_shop
Snake:3:  layout_onion
Snake:4:  snake_pit, layout_cave_pods, uniq_vashnia
Orc:1:    layout_diamond_mine, hellmonk_jugg_or_not
Orc:2:    grunt_orc_tribal_feast, layout_caves, uniq_saint_roka, uniq_jorgrun,
          uniq_snorg
Elf:1:    minmay_elf_arrival_circle, layout_geoelf_diagonals, minmay_elf_sorcery
Elf:2:    nicolae_elf_blades_crystal_corner, layout_onion_city,
          ebering_ghost_disaster_area, uniq_azrael
Elf:3:    minmay_elf_hall, layout_loops_cross, serial_shops, bzr_entry_road
Vaults:1: ontoclasm_vaults_fault, nicolae_vaults_rhombus_7,
          nicolae_vaults_circle_grid_a, vaults_dpeg_cross, grunt_vaults_twisty,
          grunt_vaults_hallway_long, vaults_room_fancy_cross,
          vaults_standard_mumra_x, vaults_room_hallway, v_misc_16, v_misc_10,
          hangedman_vaults_impose, v_alt_pattern_6, st_more_cells,
          layout_vaults_maze, serial_shops, bzr_entry_water
Vaults:2: ontoclasm_vaults_chip, gammafunk_sealed_arena, vaults_dpeg_hooks,
          ontoclasm_vaults_eye, v_misc_5, nicolae_vaults_little_squares_6,
          vaults_room_door_ring, ontoclasm_vaults_chip,
          vaults_standard_mumra_enter_the_diamond, vaults_dpeg_ring,
          layout_vaults_omnigrid
Vaults:3: hangedman_vaults_nodes, ontoclasm_vaults_idyll,
          nicolae_vaults_lopsided_apartments, grunt_vaults_hallway_short,
          minmay_crypt_entry_simple_corners, hangedman_vaults_pinch,
          hangedman_vaults_capsules, nicolae_vaults_hallways_thing,
          nicolae_vaults_three_branches, v_misc_32, hangedman_vaults_cutoff,
          vaults_room_door_ring, nicolae_vaults_specimen_jars,
          layout_vaults_ring
Vaults:4: v_alt_pattern_6, nicolae_vaults_octagons, ontoclasm_vaults_twist,
          vaults_standard_mumra_lines, vaults_room_fours, v_alt_pattern_1,
          nicolae_vaults_little_squares_4, dpeg_vaults_monster_box,
          layout_vaults_chaotic_city, serial_shops,
          nicolae_shop_temple_entry_statues_fountains, uniq_jory, uniq_aizul
Vaults:5: uniq_frederick
Crypt:1:  layout_chaotic_city, serial_sigils_hangedman_etch
Crypt:2:  layout_chaotic_city, uniq_sojobo
Crypt:3:  quadcrypt_mu, uniq_xtahua
Depths:1: layout_cave_pools, enter_ziggurat_b, rand_demon_pan_entry_4,
          hangedman_abyss_entry_splay, hell_entry, minmay_misc_feat_room,
          nicolae_yredelemnul_ghost_church, uniq_nikola
Depths:2: minmay_nested_s, layout_basic, pf_hell_entry_tar_river, pan_entry,
          mu_enter_wizlab_2, abyss_entry, lightli_giant_bouncers,
          minmay_staircase_statues, uniq_asterion
Depths:3: minmay_crescents, layout_gridlike, minmay_misc_feat_rows, hellmouth_1,
          abyss_entry
Depths:4: grunt_zot_entry_tricorne, layout_small_grid, grunt_mini_vestibule,
          grunt_pan_entry_in_and_out, serial_bayou_pond_d,
          brannock_guarded_unrand_thermic_engine
Zot:1:    layout_basic, grunt_ministairs_13, zot_minivault_1, uniq_grunn
Zot:2:    kennysheep_blocky_room, layout_misc_corridors, st_stairs_11
Zot:3:    layout_cathedral_of_symmetry, gammafunk_ghost_tricky_traps
Zot:4:    layout_gridlike, hangedman_zot_decor_tridents
Zot:5:    layout_misc_corridors, st_stairs_12, grunt_ministairs_8
Arena

Skill      XL: |  1  2  3  4  5  6  7  8  9 10 11 12 13 14 15 16 17 18 19 20 21 22 23 24 25 26 27 |
---------------+----------------------------------------------------------------------------------+-----
Fighting       | 4 5 6 7 10 12 15 17 18 19 20 22 24 27 | 27.0
Maces & Flails | 3 4 5 7 10 13 16 18 19 21 22 25 27 | 27.0
Armour         | 4 7 10 11 13 15 17 18 21 25 | 25.3
Invocations    | 4 5 10 16 20 22 | 22.3
Dodging        | 4 5 6 8 |  8.7
Shields        | 7 9 10 11 13 15 16 17 18 | 18.4

Action                   |  1- 3 |  4- 6 |  7- 9 | 10-12 | 13-15 | 16-18 | 19-21 | 22-24 | 25-27 || total
-------------------------+-------+-------+-------+-------+-------+-------+-------+-------+-------++-------
Melee: Flail             |    73 |    97 |   538 |   807 |  1129 |  1630 |   519 |       |       ||  4793
       Eveningstar       |       |       |       |       |       |       |   810 |  1139 |  1866 ||  3815
       Great mace        |       |       |       |       |       |       |       |   125 |       ||   125
Throw: Dart              |       |       |       |       |       |     1 |       |       |       ||     1
Invok: Heroism           |       |       |       |     2 |     2 |    17 |     4 |     9 |     7 ||    41
       Finesse           |       |       |       |       |       |     9 |     2 |     4 |     3 ||    18
       Duel              |       |       |       |       |       |     5 |     2 |     9 |     6 ||    22
Evoke: Wand              |       |    12 |     6 |    15 |       |       |       |     2 |     1 ||    36
       Condenser vane    |       |       |       |       |       |       |       |     3 |     2 ||     5
  Use: Scroll            |       |     2 |     6 |    10 |    13 |    17 |     8 |    18 |    26 ||   100
       Potion            |       |       |     1 |     5 |     1 |    11 |     6 |    30 |    15 ||    69
 Stab: Distracted        |       |       |       |       |       |       |     7 |     9 |     1 ||    17
       Paralysed         |       |       |       |       |       |       |       |       |     1 ||     1
       Confused          |       |       |       |       |       |       |       |       |     1 ||     1
Armor: Scale mail        |    48 |    51 |   256 |   116 |   473 |   953 |   739 |   194 |       ||  2830
       Steam dragon scal |       |       |       |   162 |    22 |       |       |       |       ||   184
       Animal skin       |       |       |       |       |       |       |       |   512 |   554 ||  1066
       Gold dragon scale |       |       |       |       |       |       |       |       |   673 ||   673
       Storm dragon scal |       |       |       |       |       |       |       |       |    30 ||    30
Dodge: Dodged            |    25 |    56 |   207 |   258 |   414 |   735 |   509 |   518 |   691 ||  3413
Block: Buckler           |    12 |    13 |    95 |   343 |   681 |   735 |   560 |   498 |   831 ||  3768
       Reflection        |       |       |     1 |    16 |     7 |    85 |    53 |    34 |    15 ||   211

Table legend: (Time is in decaauts)
 A = Elapsed time spent in this place.
 B = Non-inter-level travel time spent in this place.
 C = Inter-level travel time spent in this place.
 D = Time resting spent in this place.
 E = Time spent auto-exploring this place.
 F = Levels seen in this place.
 G = Mean time per level.
                   A        B        C        D        E       F      G
               +--------+--------+--------+--------+--------+-----+--------+
         Total |  75318 |  66522 |   8796 |  14070 |  35556 |  78 |  965.6 |
       Dungeon |  24291 |  20550 |   3741 |   5030 |  11779 |  15 | 1619.4 |
        Temple |     11 |      5 |      6 |      0 |      0 |   1 |   11.0 |
          Lair |   6297 |   5296 |   1001 |      0 |   4264 |   6 | 1049.5 |
        Shoals |   3688 |   3503 |    185 |      0 |   2521 |   4 |  922.0 |
     Snake Pit |   4108 |   3807 |    301 |    355 |   2455 |   4 | 1027.0 |
  Orcish Mines |   1832 |   1318 |    514 |    114 |    829 |   2 |  916.0 |
   Elven Halls |   3870 |   3510 |    360 |    650 |   1774 |   3 | 1290.0 |
        Vaults |  10715 |   9519 |   1196 |   2666 |   4996 |   5 | 2143.0 |
         Crypt |   3707 |   3327 |    380 |    302 |   1982 |   3 | 1235.7 |
        Depths |   8099 |   7098 |   1001 |   2503 |   2747 |   4 | 2024.8 |
           Zot |   6321 |   6214 |    107 |   1736 |   1292 |   5 | 1264.2 |
        Bazaar |    272 |    272 |      0 |      0 |    182 |   2 |  136.0 |
         Sewer |   1431 |   1431 |      0 |    392 |    734 |   1 | 1431.0 |
        Wizlab |    252 |    252 |      0 |    187 |      0 |   1 |  252.0 |
         Arena |    418 |    418 |      0 |    134 |      0 |  22 |   19.0 |
               +--------+--------+--------+--------+--------+-----+--------+

Top non-repeatable levels by time:
Vaults:4: 3508 daAuts
    D:11: 3253 daAuts
    D:10: 2772 daAuts
Depths:4: 2748 daAuts
     D:9: 2587 daAuts
Depths:2: 2530 daAuts
     D:5: 2306 daAuts
 Crypt:3: 2019 daAuts
    D:15: 2017 daAuts
Vaults:2: 1980 daAuts
Vaults:5: 1873 daAuts
Vaults:1: 1768 daAuts
     D:8: 1760 daAuts
   Zot:2: 1677 daAuts
Depths:3: 1673 daAuts
